 Dungeon Crawl Stone Soup version 0.27.1-3-gb3d3a73c9e (webtiles) character file.

Game seed: 6061852195424901254

0 Descartes the Grasshopper (level 1, 0/7 HPs)
             Began as a Felid Wanderer on Oct 8, 2021.
             Slain by a bat (1 damage)
             ... on level 1 of the Dungeon.
             The game lasted 00:00:52 (103 turns).

Descartes the Grasshopper (Felid Wanderer)           Turns: 103, Time: 00:00:52

Health: 0/7        AC:  1    Str:  8    XL:     1   Next: 8%
Magic:  4/4        EV: 15    Int: 13    God:
Gold:   11         SH:  0    Dex: 15    Spells: 2/4 levels left
                                        Lives:  0   Deaths: 0

rFire    . . .     SeeInvis +   (weapon unavailable)
rCold    . . .     Faith    .   (shield unavailable)
rNeg     . . .     Spirit   .   (armour unavailable)
rPois    .         Reflect  .   (helmet unavailable)
rElec    .         Harm     .   (cloak unavailable)
rCorr    .         Rampage  .   (gloves unavailable)
Will     .....                  (boots unavailable)
Stlth    ++........             (no amulet)
HPRegen  0.02/turn              (no ring)
MPRegen  0.09/turn              (no ring)

@: quick
A: very small, claws 1, fangs 3, see invisible, speed 1, shaggy fur 1, stealthy
paws, no weapons or thrown items, no armour, multi-lived
a: no special abilities


You were on level 1 of the Dungeon.
You visited 1 branch of the dungeon, and saw 1 of its levels.

You collected 11 gold pieces.

Inventory:

Missiles
 c - 18 stones
Scrolls
 b - a scroll of amnesia {unknown}
Potions
 a - a potion of curing


   Skills:
 + Level 0.0 Dodging
 + Level 2.7 Stealth
 + Level 0.0 Unarmed Combat
 - Level 2.0 Spellcasting
 - Level 1.0 Summonings
 - Level 3.0 Translocations
 - Level 1.1 Transmutations
 - Level 1.7 Ice Magic
 + Level 0.0 Earth Magic


You had 2 spell levels left.
You knew the following spells:

 Your Spells              Type           Power      Damage    Failure   Level
a - Sandblast             Erth           2%         2d4       26%         1
b - Apportation           Tloc           18%        N/A       8%          1

Your spell library contained the following spells:

 Spells                   Type           Power      Damage    Failure   Level
 Passwall                 Tmut/Erth      1%         N/A       30%         2
 Lesser Beckoning         Tloc           4%         N/A       22%         3
 Stone Arrow              Conj/Erth      2%         3d7       58%         3
 Petrify                  Tmut/Erth      2%         N/A       90%         4


Dungeon Overview and Level Annotations

Branches:
Dungeon (1/15)

Altars:


Innate Abilities, Weirdness & Mutations

You have sharp claws.
You have razor-sharp teeth.
You have supernaturally acute eyesight. (SInv)
You cover ground quickly. (Speed+)
You are covered in fur. (AC +1)
Your paws help you pounce on unaware monsters.
You are incapable of wielding weapons or throwing items.
You cannot wear armour.
You gain extra lives every three experience levels.


Message History

No target in view!
No target in view!
No target in view!
No target in view!
No target in view!
No target in view!
No target in view!
No target in view!
No target in view!
No target in view!
No target in view!
No target in view!
HP restored.
b - a scroll labelled NUSSED EN MIEKEMM
Found 11 gold pieces.
Found 18 stones.
You now have 11 gold pieces.
c - 18 stones You open the door.
There is an open door here.
As you open the door, it creaks loudly!
A bat and a hobgoblin come into view.
Found a long sword.
Found a scroll labelled WUASAR DAJU.
The bat hits you.
A frilled lizard comes into view.
There is an open door here.
The bat hits you but does no damage. The bat misses you.
You scratch the hobgoblin.
The hobgoblin is lightly wounded.
The bat closely misses you. The hobgoblin completely misses you.
You scratch the hobgoblin.
The hobgoblin is heavily wounded.
The hobgoblin hits you.
Ouch! That really hurt!
* * * LOW HITPOINT WARNING * * *
The bat hits you.
* * * LOW HITPOINT WARNING * * *
The bat hits you.
You die...

#..........# #...(.
#..........# #.....
#..........# #.####
###'######## #.# #.#
#.#### #.# #..... #.#
##'### #####'####
####.### #....@...#
##..#.#.. #....b...#
#.#.#.#.# #..g.....#
#..#...#.
#...l.......####.....#
#........##.+.....<...
..........# ####.....#
##?........# #..#...#.
#.........# #.#.#.#.#
..........# ##..#.#..


You could see a hobgoblin, a bat and a frilled lizard.

Vanquished Creatures
  A frilled lizard (D:1)
1 creature vanquished.

Notes
Turn   | Place    | Note
-------+----------+-------------------------------------------
     0 | D:1      | Descartes the Felid Wanderer began the quest for the Orb.
     0 | D:1      | Descartes set off with the following items: a potion of
                  | curing; and the following spells available to memorise:
                  | Apportation, Lesser Beckoning, Sandblast, Passwall, Stone
                  | Arrow, Petrify
     0 | D:1      | Reached XP level 1. HP: 7/7 MP: 4/4
     2 | D:1      | Learned a level 1 spell: Sandblast
     4 | D:1      | Learned a level 1 spell: Apportation
   103 | D:1      | Slain by a bat

Illustrated notes

Levels and vault maps discovered:
D:1:      nzn_arrival_crosshair, layout_basic

Action                   || total
-------------------------++-------
Melee: Unarmed           ||     3
Armor: Skin              ||     1
Dodge: Dodged            ||     3
